 Dungeon Crawl Stone Soup version 0.29-a0-8-g0446c0dae4 (webtiles) character file.

Game seed: 14255570927231947321

61434 lunkers the Summoner (level 14, 0/111 HPs)
             Began as a Vampire Necromancer on Jan 21, 2022.
             Was a High Priest of Ashenzari.
             Shot with an arrow by a centaur warrior (21 damage)
             ... on level 2 of the Orcish Mines on Jan 27, 2022.
             The game lasted 01:11:23 (23513 turns).

lunkers the Summoner (Vampire Necromancer)         Turns: 23513, Time: 01:11:24

Health: 0/111      AC:  6    Str: 13    XL:     14   Next: 60%
Magic:  16/31      EV: 17    Int: 23    God:    Ashenzari [*****.]
Gold:   1417       SH: 16    Dex: 14    Spells: 5/40 levels left

rFire   . . .      SeeInvis +   C - +3 scimitar of the Unveiling Stars {flame, Comp, Bglg} (curse)
rCold   . . .      Faith    .   E - +0 kite shield "Sibylline Visionary" {Comp, Self} (curse)
rNeg    . . .      Spirit   .   k - +0 robe "Share My Regret" {Evo, Bglg} (curse)
rPois   +          Reflect  +   (no helmet)
rElec   .          Harm     .   s - +0 cloak of the Celestial Prison {Comp, Cun} (curse)
rCorr   .          Rampage  .   m - +1 pair of gloves of Cremastomancy {Bglg, Comp} (curse)
Will    +....      Clarity  +   S - +0 pair of boots "Seer of Ashenzari" {Evo, Comp} (curse)
Stlth   +++.......              g - amulet of Ashenzari's Burden {Reflect SH+5, Fort, Cun} (curse)
HPRegen 0.48/turn               o - ring "Eternal With Me" {rPois, Evo, Elem} (curse)
MPRegen 0.22/turn               d - ring of the Bound Black Moon {Str+6, Fort, Self} (curse)

@: death channelling, healing quickly
A: alive, fangs 3, see invisible, vampiric 2
a: Exsanguinate, Renounce Religion, Curse Item, Shatter the Chains


You were on level 2 of the Orcish Mines.
You worshipped Ashenzari.
Ashenzari was extremely pleased with you.
You visited 4 branches of the dungeon, and saw 18 of its levels.
You also visited: Sewer.

You collected 1870 gold pieces.
You spent 453 gold pieces at shops.

Inventory:

Hand Weapons
 a - a +5 quarterstaff of flaming
 t - a +2 quarterstaff of chaos
 v - a +1 whip of flaming
 y - a +2 dagger of draining
 C - the cursed +3 scimitar of the Unveiling Stars (weapon) {flame, Comp, Bglg}
   (You took it off Erica on level 8 of the Dungeon)

   It burns those it strikes, dealing additional fire damage.
   Big, fiery blades are also staple armaments of hydra-hunters.
   It has a curse which improves the following skills: Companions: Summonings
   and Necromancy.
   Beguiling: Conjurations, Hexes and Translocations.
Armour
 k - the cursed +0 robe "Share My Regret" (worn) {Evo, Bglg}

   It has a curse which improves the following skills: Evocations: Evocations.
   Beguiling: Conjurations, Hexes and Translocations.
 m - the cursed +1 pair of gloves of Cremastomancy (worn) {Bglg, Comp}
   (You found it on level 2 of the Dungeon)

   It has a curse which improves the following skills: Beguiling: Conjurations,
   Hexes and Translocations.
   Companions: Summonings and Necromancy.
 s - the cursed +0 cloak of the Celestial Prison (worn) {Comp, Cun}
   (You took it off Crazy Yiuf on level 3 of the Dungeon)

   It has a curse which improves the following skills: Companions: Summonings
   and Necromancy.
   Cunning:   Dodging and Stealth.
 E - the cursed +0 kite shield "Sibylline Visionary" (worn) {Comp, Self}
   (You found it on level 9 of the Dungeon)

   It has a curse which improves the following skills: Companions: Summonings
   and Necromancy.
   Introspection: Fighting and Spellcasting.
 P - the +0 cloak "Qadd" {Stlth+}
   (You found it on level 6 of the Lair of Beasts)

   Stlth:     It makes you more stealthy.
 S - the cursed +0 pair of boots "Seer of Ashenzari" (worn) {Evo, Comp}
   (You bought it in a shop on level 1 of the Orcish Mines)

   It has a curse which improves the following skills: Evocations: Evocations.
   Companions: Summonings and Necromancy.
 T - a +0 troll leather armour
Jewellery
 d - the cursed ring of the Bound Black Moon (right hand) {Str+6, Fort, Self}
   (You found it on level 6 of the Dungeon)

   [ring of strength]

   Str:       It affects your strength (+6).
   It has a curse which improves the following skills: Fortitude: Armour and
   Shields.
   Introspection: Fighting and Spellcasting.
 e - an amulet of magic regeneration
 g - the cursed amulet of Ashenzari's Burden (around neck) {Reflect SH+5, Fort, Cun}
   (You found it on level 5 of the Dungeon)

   [amulet of reflection]

   It reflects blocked missile attacks.
   SH:        It affects your SH (+5).
   It has a curse which improves the following skills: Fortitude: Armour and
   Shields.
   Cunning:   Dodging and Stealth.
 o - the cursed ring "Eternal With Me" (left hand) {rPois, Evo, Elem}
   (You found it on level 6 of the Dungeon)

   [ring of poison resistance]

   rPois:     It protects you from poison.
   It has a curse which improves the following skills: Evocations: Evocations.
   Elements:  Fire Magic, Ice Magic, Air Magic and Earth Magic.
 D - a ring of protection from cold
 I - a +4 ring of evasion
 J - a +4 ring of evasion
 L - a ring of flight
Wands
 r - a wand of acid (21)
 u - a wand of polymorph (21)
 x - a wand of flame (10)
 B - a wand of paralysis (14)
 F - a wand of mindburst (17)
 N - a wand of iceblast (9)
 Q - a wand of charming (4)
Scrolls
 h - a scroll of enchant armour
 i - 4 scrolls of amnesia
 j - 4 scrolls of fear
 p - 3 scrolls of magic mapping
 q - 3 scrolls of vulnerability
 G - 3 scrolls of fog
 K - 2 scrolls of enchant weapon
 O - 2 scrolls of blinking
 R - a scroll of teleportation
Potions
 b - 2 potions of haste
 c - 4 potions of mutation
 f - 3 potions of invisibility
 l - 3 potions of resistance
 n - 12 potions of curing
 w - 5 potions of heal wounds
 z - 2 potions of magic
 A - 2 potions of flight
 H - 2 potions of might
 M - 2 potions of brilliance


   Skills:
 + Level 7.3(10.8) Fighting
 + Level 9.2(12.7) Dodging
 - Level 3.0(5.9) Stealth
 + Level 5.5(8.9) Shields
 + Level 10.5(13.9) Spellcasting
 - Level 12.0(16.4) Hexes
 * Level 13.6(20.0) Summonings
 - Level 11.3(17.7) Necromancy
 + Level 6.3(10.8) Translocations


You had 5 spell levels left.
You knew the following spells:

 Your Spells              Type           Power      Damage    Failure   Level
b - Vampiric Draining     Necr           78%        2d11      1%          3
c - Summon Mana Viper     Hex/Summ       79%        N/A       1%          5
e - Anguish               Hex/Necr       38%        N/A       1%          4
f - Dispel Undead         Necr           78%        3d26      1%          4
g - Death Channel         Necr           39%        N/A       1%          6
h - Animate Dead          Necr           39%        N/A       1%          4
i - Passwall              Tmut/Erth      13%        N/A       13%         2
p - Malign Gateway        Summ/Tloc      36%        N/A       14%         7

Your spell library contained the following spells:

 Spells                   Type           Power      Damage    Failure   Level
 Animate Skeleton         Necr           100%       N/A       0%          1
 Pain                     Necr           100%       1d9       0%          1
 Summon Small Mammal      Summ           100%       N/A       0%          1
 Call Canine Familiar     Summ           83%        N/A       0%          3
 Summon Guardian Golem    Hex/Summ       79%        N/A       0%          3
 Blink                    Tloc           100%       N/A       1%          2
 Corpse Rot               Necr/Air       100%       N/A       1%          2
 Ensorcelled Hibernation  Hex/Ice        100%       N/A       1%          2
 Confusing Touch          Hex            75%        N/A       1%          3
 Lesser Beckoning         Tloc           60%        N/A       1%          3
 Portal Projectile        Hex/Tloc       100%       N/A       1%          3
 Animate Armour           Summ/Erth      100%       N/A       1%          4
 Agony                    Necr           78%        N/A       1%          5
 Excruciating Wounds      Necr           39%        N/A       1%          5
 Manifold Assault         Tloc           60%        N/A       3%          5
 Yara's Violent Unravell  Hex/Tmut       26%        3d11      9%          5
 Scorch                   Fire           34%        2d7       12%         2
 Stone Arrow              Conj/Erth      36%        3d9       22%         3
 Swiftness                Air            17%        N/A       24%         3
 Spider Form              Tmut/Pois      16%        N/A       26%         3
 Flame Wave               Conj/Fire      18%        2d6       58%         4
 Hailstorm                Conj/Ice       18%        3d6       58%         4
 Ice Form                 Ice/Tmut       16%        N/A       63%         4
 Olgreb's Toxic Radiance  Pois           16%        N/A       65%         4
 Irradiate                Conj/Tmut      8%         3d16      91%         5
 Blade Hands              Tmut           8%         N/A       94%         5
 Summon Cactus Giant      Summ           41%        N/A       1%          6
 Enfeeble                 Hex            37%        N/A       9%          7
 Simulacrum               Ice/Necr       27%        N/A       32%         6
 Storm Form               Tmut/Air       8%         N/A       100%        7
 Lehudib's Crystal Spear  Conj/Erth      9%         10d4      100%        8


Dungeon Overview and Level Annotations

Branches:
Dungeon (9/15)             Temple (1/1) D:4            Lair (6/6) D:8
  Swamp (0/4) Lair:3       Spider (0/4) Lair:3        Slime (0/5) Lair:5
    Orc (2/2) D:9             Elf (0/3) Orc:2         Sewer (visited)

Altars:
Ashenzari
Cheibriados
Dithmenos
Elyvilon
Fedhas
Gozag
Hepliaklqana
Kikubaaqudgha
Makhleb
Nemelex Xobeh
Okawaru
Qazlal
Ru
Sif Muna
Trog
Uskayaw
Vehumet
Wu Jian
Xom
Yredelemnul
Zin
The Shining One
Jiyva

Shops:
D:4 ??:   Orc:1 [(?*:   Orc:2 [*=(

Annotations:
Lair:5 exclusion: 3 oklob plants
Orc:2 BubbleThief's ghost, journeyman DsNe


Innate Abilities, Weirdness & Mutations

Your natural rate of healing is accelerated.
You have razor-sharp teeth.
You have supernaturally acute eyesight. (SInv)
You are afflicted with vampirism and can become a bat while bloodless.


Message History

The tengu warrior dies!
The javelin pierces through you!!
* * * LOW HITPOINT WARNING * * *
A glowing mist starts to gather...
You feel much better.
The deep elf knight closely misses your spectral tengu warrior.
The deep elf knight hits you with a +0 long sword.
* * * LOW HITPOINT WARNING * * *
The centaur warrior shoots an arrow.
You reflect the arrow off an invisible shield around you!
The arrow hits the tengu warrior!
The arrow burns the tengu warrior.
Your eldritch tentacle closely misses the merfolk javelineer.
Your eldritch tentacle claws the merfolk javelineer!!
The merfolk javelineer resists with almost no effort.
The tengu warrior closely misses you.
The tengu warrior misses your spectral tengu warrior.
You block the tengu warrior's attack. x2
Your spectral tengu warrior completely misses the deep elf knight.
Your spectral tengu warrior misses the deep elf knight. x2
The deep elf knight unwields a +0 long sword.
The deep elf knight wields a +0 shortbow.
The deep elf knight shoots an arrow.
The arrow barely misses your spectral tengu warrior.
The arrow closely misses you.
The merfolk javelineer throws a javelin.
The javelin pierces through your eldritch tentacle!
The deep elf knight unwields a +0 long sword.
The deep elf knight wields a +0 shortbow.
The deep elf knight shoots an arrow.
The arrow closely misses you.
The centaur warrior shoots an arrow.
The arrow closely misses you.
Your mana viper bites the deep elf knight!
The deep elf knight's magic leaks into the air.
Your eldritch tentacle slaps the merfolk javelineer!!
The merfolk javelineer dies!
A glowing mist starts to gather...
The deep elf knight unwields a +0 shortbow.
The deep elf knight wields a +0 long sword.
The deep elf knight hits your spectral tengu warrior with a +0 long sword!
The centaur warrior shoots an arrow.
The arrow hits you!!
You die...

.### ##...................#.#.#
.#### ###..................#.8.8
###### #####....#)..........'....
..########.##...........#...'....
...######........).........N'....
...###.#.#..).#.....*ZN.....#.8.8
...##.....#..........\.)....#.#.#
.......#.#.......SeW..w##...#....
...#....###.....@.ZoC.......#####
........#####...#.Qe.........###
.........#>#.....#c#...#....#####
......#.#.......#######.....#.###
...............#########.#.....##
....÷.....#.######## ######...###
......÷....######## #####...###
....)......###### ####...###
............#.### ###...###


You could see a naga warrior, a stone giant, a tengu warrior (agile), a centaur
warrior, 2 deep elf knights, an orc warrior, BubbleThief's ghost, a friendly
eldritch tentacle, a friendly mana viper (summoned), a friendly spectral merfolk
javelineer and a friendly spectral tengu warrior.

Vanquished Creatures
  Fannar (Lair:2)
  The ghost of ChongLi the Unseen, a journeyman DsNe of Dithmenos (Lair:5)
  A hydra (Lair:5)
  A catoblepas (Lair:6)
  2 orc high priests
  A lindwurm (Lair:6)
  2 goliath frogs (Lair:6)
  Pikel (D:4)
  2 orc knights
  An orc sorcerer (Orc:1)
  An ugly thing (D:8)
  10 cane toads
  2 komodo dragons (Lair:4)
  A burning bush (Lair:2)
  A troll (Orc:2)
  10 blink frogs
  A slime creature (D:8)
  Sigmund (D:2)
  A culicivora (Lair:3)
  4 yaks
  4 wyverns
  A redback (Lair:3)
  6 vampire mosquitoes
  3 wargs
  4 water moccasins
  6 orc warriors
  A black bear (D:4)
  An ice beast (D:7)
  A sky beast (D:5)
  A necrophage (D:5)
  4 centaurs
  4 kobold brigands
  12 bullfrogs
  3 scorpions
  3 killer bees (D:8)
  5 electric eels
  A howler monkey (D:9)
  2 centaur zombies
  A bullfrog zombie (D:6)
  4 hounds
  2 orc priests
  Crazy Yiuf (D:3)
  2 bullfrog skeletons
  2 iguanas
  Ijyb (D:4)
  10 orc wizards
  Natasha (thrice) (D:2)
  A hound skeleton (D:4)
  A howler monkey zombie (D:9)
  A howler monkey skeleton (D:7)
  10 adders
  2 gnolls (D:3)
  5 river rats (D:6)
  2 shadow imps
  A white imp (D:7)
  4 worms
  4 dart slugs
  23 orcs
  9 ball pythons
  8 endoplasms
  8 giant cockroaches
  7 goblins
  6 hobgoblins
  2 jackals (D:4)
  6 quokkas
  7 bats
  2 frilled lizards
  33 kobolds
  15 rats
290 creatures vanquished.

Vanquished Creatures (collateral kills)
  An orc warlord (Orc:2)
  Azrael (Orc:2)
  A merfolk javelineer (Orc:2)
  3 hydras
  A centaur warrior (D:8)
  Erica (D:8)
  2 two-headed ogres (D:8)
  2 orc high priests
  An orc knight (Orc:2)
  4 orc sorcerers
  An oklob plant (Lair:5)
  3 elephants (Lair:6)
  12 cane toads
  2 rime drakes
  A nameless horror (Orc:2)
  A gargoyle (D:8)
  4 komodo dragons
  A tengu conjurer (D:8)
  4 burning bushes (Lair:2)
  4 trolls (Orc:2)
  A polar bear (Lair:3)
  A slime creature (D:8)
  Prince Ribbit (D:9)
  2 tyrant leeches (Lair:6)
  18 blink frogs
  A jumping spider (Lair:3)
  2 wyverns
  18 yaks
  3 hogs (Lair:4)
  3 fire elementals (Orc:2)
  2 vampire mosquitoes (Lair:6)
  A redback (Lair:3)
  A basilisk (shapeshifter) (Orc:2)
  4 hell hounds (Orc:2)
  4 water moccasins
  A floating eye (shapeshifter) (D:8)
  A swamp drake (D:9)
  16 orc warriors
  2 sky beasts
  4 ogres
  A gnoll sergeant (D:8)
  6 bullfrogs
  2 kobold brigands (D:9)
  A water moccasin zombie (D:9)
  5 killer bees (D:8)
  4 wights (D:7)
  An electric eel (Lair:6)
  A howler monkey (D:8)
  A centaur zombie (D:8)
  4 orc priests
  14 orc wizards
  A killer bee zombie (D:8)
  A howler monkey zombie (D:8)
  29 orcs
  5 kobolds (D:9)
212 creatures vanquished.

Vanquished Creatures (others)
  16 eldritch tentacles
  Kirke (Lair:4)
  6 hydras
  An orc high priest (Orc:2)
  A tengu warrior (Orc:2)
  Urug (Lair:1)
  An orc sorcerer (Orc:2)
  2 black mambas
  A cane toad (Lair:5)
  A blink frog (Lair:6)
  13 yaks
  2 hogs (Lair:4)
  2 humans (Lair:4)
  A vampire mosquito (Lair:6)
  A water moccasin (Lair:2)
  6 orc warriors
  A centaur (D:9)
  An ogre (Orc:1)
  2 orc priests (Orc:1)
  2 orcs (Orc:1)
  2 bushes (D:7)
  53 fungi
  116 plants
233 creatures vanquished.

Grand Total: 735 creatures vanquished

Notes
Turn   | Place    | Note
-------+----------+-------------------------------------------
     0 | D:1      | lunkers the Vampire Necromancer began the quest for the
                  | Orb.
     0 | D:1      | Reached XP level 1. HP: 13/13 MP: 3/3
   279 | D:1      | Reached XP level 2. HP: 18/19 MP: 0/5
   467 | D:1      | Found a faded altar of an unknown god.
  1070 | D:1      | Reached skill level 5 in Necromancy
  1269 | D:2      | Noticed Natasha
  1273 | D:2      | Killed Natasha
  1274 | D:2      | Gained mutation: You are afflicted with vampirism and can
                  | become a bat while bloodless. [Vampire growth]
  1274 | D:2      | Reached XP level 3. HP: 9/24 MP: 1/6
  1574 | D:2      | Noticed Natasha
  1578 | D:2      | Killed Natasha
  1579 | D:2      | Reached XP level 4. HP: 27/30 MP: 2/8
  1632 | D:2      | Noticed Sigmund
  1646 | D:2      | Killed Sigmund
  1647 | D:2      | Reached XP level 5. HP: 31/35 MP: 4/9
  1725 | D:2      | Learned a level 3 spell: Vampiric Draining
  1807 | D:2      | Noticed Natasha
  1811 | D:2      | Killed Natasha
  2863 | D:3      | Reached XP level 6. HP: 29/41 MP: 0/11
  2985 | D:3      | Got Sif Muna's Compendium of Calling
  3345 | D:3      | Found a runed translucent door.
  3346 | D:3      | Noticed Crazy Yiuf
  3684 | D:3      | Killed Crazy Yiuf
  3690 | D:3      | Identified the +2 mace of the Pillar {vorpal, rElec Int-3
                  | Dex+4}
  3973 | D:4      | Noticed Pikel
  3987 | D:4      | Killed Pikel
  3988 | D:4      | Reached XP level 7. HP: 34/46 MP: 2/14
  4100 | D:4      | Noticed Ijyb
  4110 | D:4      | Killed Ijyb
  4157 | D:4      | Reached skill level 5 in Spellcasting
  4669 | D:4      | Reached XP level 8. HP: 50/52 MP: 11/15
  4695 | D:4      | Found Odyo's Magic Scroll Boutique.
  4821 | D:4      | Found Foiphiqi's Magic Scroll Shop.
  5109 | D:4      | Found Canuket's Book Emporium.
  5175 | D:4      | Found a staircase to the Ecumenical Temple.
  5334 | Temple   | Entered the Ecumenical Temple
  5514 | Temple   | Became a worshipper of Ashenzari the Shackled
  5676 | D:5      | Entered Level 5 of the Dungeon
  5835 | D:5      | Learned a level 5 spell: Summon Mana Viper
  5905 | D:5      | Reached skill level 1 in Hexes
  5905 | D:5      | Reached skill level 1 in Summonings
  6123 | D:5      | Reached skill level 2 in Summonings
  6395 | D:6      | Reached skill level 3 in Summonings
  6596 | D:6      | Reached skill level 5 in Hexes
  6634 | D:6      | Found a glowing drain.
  6642 | Sewer    | Entered a sewer
  6705 | Sewer    | Reached * piety under Ashenzari
  7008 | Sewer    | Upgraded the game from 0.28-a0-1594-ga885d4b3d6 to
                  | 0.28-a0-1613-gdaab1c2f9b
  7229 | D:6      | Reached skill level 4 in Summonings
  7229 | D:6      | Reached XP level 9. HP: 57/57 MP: 11/18
  7611 | D:7      | Identified the Compendium of Poisonous Moulding
  7688 | D:7      | Reached ** piety under Ashenzari
  7702 | D:6      | Noticed a rust devil
  7702 | D:6      | Noticed a rust devil
  7735 | D:7      | Reached skill level 5 in Summonings
  7784 | D:7      | Learned a level 3 spell: Summon Guardian Golem
  8245 | D:7      | Found a snail-covered altar of Cheibriados.
  8613 | D:7      | Learned a level 7 spell: Malign Gateway
  8690 | D:8      | Found a staircase to the Lair.
  8692 | D:8      | Noticed Erica
  8700 | D:8      | Killed Erica
  8701 | D:8      | Reached skill level 6 in Summonings
  8772 | D:8      | Noticed a two-headed ogre
  8807 | D:8      | Killed a two-headed ogre
  8808 | D:8      | Reached XP level 10. HP: 49/63 MP: 10/20
  8937 | D:8      | Reached *** piety under Ashenzari
  9004 | D:8      | Reached skill level 10 in Hexes
  9010 | D:8      | Reached skill level 7 in Summonings
  9641 | D:8      | Noticed a gargoyle
  9657 | D:8      | Killed a gargoyle
  9765 | D:8      | Noticed a centaur warrior
  9778 | D:8      | Noticed a white ugly thing
  9784 | D:8      | Killed a centaur warrior
  9785 | D:8      | Reached skill level 1 in Fighting
  9792 | D:8      | Killed a white ugly thing
  9793 | D:8      | Reached skill level 8 in Summonings
  9893 | D:8      | Noticed a salamander
  9919 | D:8      | Noticed a two-headed ogre
  9926 | D:8      | Killed a two-headed ogre
 10062 | D:8      | Reached **** piety under Ashenzari
 10369 | D:9      | Reached XP level 11. HP: 68/75 MP: 16/24
 10490 | D:9      | Reached skill level 1 in Shields
 10498 | D:9      | Learned a level 4 spell: Dispel Undead
 10669 | D:9      | Noticed Prince Ribbit
 10683 | D:9      | Killed Prince Ribbit
 10684 | D:9      | Reached skill level 1 in Translocations
 10691 | D:9      | Found a staircase to the Orcish Mines.
 10851 | D:9      | Learned a level 6 spell: Death Channel
 11360 | D:9      | Reached skill level 9 in Summonings
 11360 | D:9      | Reached skill level 10 in Necromancy
 11594 | D:9      | Identified a scroll of acquirement
 11660 | Lair:1   | Entered Level 1 of the Lair of Beasts
 11893 | Lair:1   | Reached ***** piety under Ashenzari
 11894 | Lair:1   | Acquired a book of Dreams
 11903 | Lair:1   | Learned a level 4 spell: Anguish
 12001 | Lair:1   | Noticed Urug
 12010 | Lair:1   | Killed Urug
 12380 | Lair:1   | Noticed a seven-headed hydra
 12390 | Lair:1   | Killed a seven-headed hydra
 12534 | Lair:2   | Reached skill level 5 in Dodging
 12848 | Lair:2   | Reached XP level 12. HP: 89/89 MP: 22/27
 12939 | Lair:2   | Reached skill level 10 in Summonings
 13254 | Lair:2   | Upgraded the game from 0.28-a0-1613-gdaab1c2f9b to
                  | 0.29-a0-2-g12fcac58f8
 13296 | Lair:2   | Noticed Fannar
 13307 | Lair:2   | Killed Fannar
 13552 | Lair:2   | Noticed an eight-headed hydra
 13569 | Lair:2   | Killed an eight-headed hydra
 14142 | Lair:3   | Found a staircase to the Swamp.
 14452 | Lair:3   | Found a hole to the Spider Nest.
 14623 | Lair:3   | Noticed a six-headed hydra
 14683 | Lair:3   | Killed a six-headed hydra
 14803 | Lair:3   | Reached skill level 11 in Summonings
 15413 | Lair:4   | Noticed an eight-headed hydra
 15421 | Lair:4   | Killed an eight-headed hydra
 15422 | Lair:4   | Reached skill level 5 in Fighting
 15798 | Lair:4   | Noticed Kirke
 15805 | Lair:4   | Reached XP level 13. HP: 87/99 MP: 17/29
 15814 | Lair:4   | Killed Kirke
 17019 | Lair:5   | Found a staircase to the Slime Pits.
 17020 | Lair:5   | Found a viscous altar of Jiyva.
 17170 | Lair:5   | Found a runed translucent door.
 17170 | Lair:5   | Noticed ChongLi's ghost (journeyman DsNe)
 17519 | Lair:5   | Killed ChongLi's ghost
 17588 | Lair:6   | Entered Level 6 of the Lair of Beasts
 17709 | Lair:6   | Identified the +0 cloak "Qadd" {Stlth+}
 17775 | Lair:6   | Reached skill level 12 in Summonings
 17851 | Lair:6   | Reached skill level 5 in Translocations
 18525 | Lair:6   | Learned a level 4 spell: Animate Dead
 18829 | Lair:6   | Reached skill level 10 in Spellcasting
 18833 | Lair:6   | Identified the cursed +0 cloak of the Celestial Prison
                  | {Comp, Cun} (You took it off Crazy Yiuf on level 3 of the
                  | Dungeon)
 18833 | Lair:6   | Identified the cursed +1 pair of gloves of Cremastomancy
                  | {Bglg, Comp} (You found it on level 2 of the Dungeon)
 18833 | Lair:6   | Identified the cursed +0 robe "Share My Regret" {Evo, Bglg}
 19401 | Lair:6   | Reached XP level 14. HP: 82/110 MP: 22/31
 20193 | Orc:1    | Entered Level 1 of the Orcish Mines
 20195 | Orc:1    | Found Kivenep's Antique Weapon Boutique.
 20352 | Orc:1    | Found Oxopa Agge's Armour Emporium.
 20357 | Orc:1    | Bought a +0 pair of boots for 63 gold pieces
 20436 | Orc:1    | Found Baasigh's Magic Scroll Emporium.
 20531 | Orc:1    | Found Fomyqy's General Store.
 20664 | Orc:1    | Learned a level 2 spell: Passwall
 20701 | Orc:1    | Found Meonal's Book Boutique.
 20725 | Orc:1    | Reached skill level 13 in Summonings
 20737 | Orc:1    | Bought a book of Scorching for 390 gold pieces
 20979 | Orc:2    | Entered Level 2 of the Orcish Mines
 21002 | Orc:2    | Noticed an orc warlord
 21238 | Orc:2    | Found Sosawn's General Store.
 21279 | Orc:2    | Reached skill level 5 in Shields
 21426 | Orc:2    | Upgraded the game from 0.29-a0-2-g12fcac58f8 to
                  | 0.29-a0-8-g0446c0dae4
 21434 | Orc:2    | Killed an orc warlord
 22381 | Orc:2    | Found Qehoh's Jewellery Shoppe.
 22458 | Orc:2    | Found Kukos's Antique Weapon Shop.
 22874 | Orc:2    | Found Jerate Jeke's Antique Armour Emporium.
 22968 | Orc:2    | Found a runed translucent gate.
 22968 | Orc:2    | Found a runed translucent gate.
 22968 | Orc:2    | Found a runed translucent gate.
 22994 | Orc:2    | Noticed a stone giant
 22994 | Orc:2    | Noticed BubbleThief's ghost (journeyman DsNe)
 22994 | Orc:2    | Identified the +7 scimitar "Trog's Hatred" {drain, Fragile
                  | rN+ SInv}
 23002 | Orc:2    | Found an iron altar of Okawaru.
 23026 | Orc:2    | Found a staircase to the Elven Halls.
 23064 | Orc:2    | Noticed Azrael
 23069 | Orc:2    | Killed Azrael
 23511 | Orc:2    | HP: 2/111 [merfolk javelineer/javelin (19)]
 23513 | Orc:2    | Shot with an arrow by a centaur warrior

Illustrated notes

Levels and vault maps discovered:
D:1:      erik_arrival_blinker_ship, layout_basic,
          ebering_ecumenical_altar_hall, serial_co_window_serial,
          co_window_paths_a, co_window_paths_b, co_window_corner_a,
          co_window_of_opportunity_a, co_window_corner_a, co_window_cross_1,
          co_window_paths_a, co_window_paths_a, co_window_paths_a,
          co_window_corner_cb, co_window_corner_b, co_window_broadway_c,
          co_window_paths_e, glass_columns_b, glass_columns_a
D:2:      layout_basic, mrwooster_statue_mirror, uniq_natasha, uniq_sigmund
D:3:      wad_woods_tower, layout_loops_ring, amethyst_killhole,
          serial_park_tiny_2, minivault_4, uniq_crazy_yiuf_cottage
D:4:      black_bear_nest_2, layout_basic, minmay_temple_entry_butterflies,
          serial_shops, nicolae_stop_n_shop_1, shop, shop,
          chequers_serial_rivers_room_b, uniq_ijyb, uniq_pikel
D:5:      layout_basic, minmay_misc_feat_enclosed
D:6:      cheibrodos_iron_armory, layout_basic, lightli_sewer_entry_pipes,
          minivault_4, item_on_display_a
D:7:      layout_basic, overflow_temple_1_default, minmay_hedge_maze,
          nrook_mini_backslash, corexii_checkpoint_a, kennysheep_nub,
          kennysheep_pointless_box, minmay_fountain_box
D:8:      nicolae_cairo_tiling_large_dashed, layout_gridville, minmay_evil_grid,
          uniq_erica
D:9:      layout_long_grid, erik_orc_1, st_stairs_2, minivault_14,
          uniq_prince_ribbit1
Temple:   kilobyte_greek_temple
Lair:1:   layout_loops_ring, grunt_megastairs_2, uniq_urug
Lair:2:   layout_chaotic_city, evilmike_ambush [evilmike_ambush_outer_corners,
          evilmike_ambush_inner_basic], uniq_fannar
Lair:3:   layout_gridlike, minmay_swamp_entry_swarm,
          spider_nest_entry_funnel_web, serial_bayou, serial_bayou_pond_a,
          serial_bayou_pond_b, serial_bayou_lagoon_b, minivault_19
Lair:4:   layout_roguey, infiniplex_staircase_pool, uniq_kirke
Lair:5:   minmay_lair_oklob_chamber, layout_hall_layers, slime_altar_1,
          hellmonk_ghost_happy_afterlife
Lair:6:   minmay_lair_end_frog_pond, layout_small_grid,
          grunt_forest_small_clearings
Orc:1:    layout_caves, serial_shops, shop, nicolae_shop_hallway_plus, shop,
          shop, shop
Orc:2:    grunt_orc_gardens, layout_caves, grunt_orc_garden, grunt_orc_garden,
          grunt_orc_garden, grunt_orc_garden, gammafunk_ghost_fury_of_okawaru,
          uniq_azrael

Skill      XL: |  1  2  3  4  5  6  7  8  9 10 11 12 13 14 |
---------------+-------------------------------------------+-----
Necromancy     | 5 6 7 8 9 10 11 | 11.3
Spellcasting   | 3 4 5 6 7 8 9 10 | 10.5
Hexes          | 5 9 12 | 12.0
Summonings     | 4 6 8 9 11 12 13 | 13.6
Fighting       | 2 3 5 6 7 |  7.3
Dodging        | 3 5 6 8 9 |  9.2
Shields        | 2 4 5 |  5.5
Translocations | 2 4 5 6 |  6.3
Stealth        | |  3.0

Action                   |  1- 3 |  4- 6 |  7- 9 | 10-12 | 13-15 || total
-------------------------+-------+-------+-------+-------+-------++-------
Melee: Quarterstaff      |       |     7 |   187 |    37 |       ||   231
       Bite              |       |     1 |    19 |    23 |    43 ||    86
       Scimitar          |       |       |       |   183 |   325 ||   508
 Cast: Pain              |    55 |    91 |    73 |    12 |     1 ||   232
       Vampiric Draining |       |     7 |    35 |    37 |    60 ||   139
       Summon Mana Viper |       |       |     8 |    62 |    50 ||   120
       Summon Guardian G |       |       |     6 |    46 |    27 ||    79
       Anguish           |       |       |       |    11 |    21 ||    32
       Death Channel     |       |       |       |     4 |    14 ||    18
       Dispel Undead     |       |       |       |     4 |     5 ||     9
       Malign Gateway    |       |       |       |       |    17 ||    17
       Passwall          |       |       |       |       |     2 ||     2
Invok: Curse Item        |       |       |     4 |     4 |     1 ||     9
Evoke: Wand              |       |       |       |     3 |     8 ||    11
  Use: Scroll            |       |     1 |    10 |     1 |     3 ||    15
       Potion            |       |       |       |       |     3 ||     3
 Stab: Sleeping          |       |       |     3 |     5 |     1 ||     9
       Distracted        |       |       |       |     1 |     1 ||     2
       Paralysed         |       |       |       |       |     4 ||     4
Armor: Robe              |     2 |     5 |    88 |    49 |    83 ||   227
       Skin              |       |       |       |       |     5 ||     5
Dodge: Dodged            |     2 |    17 |   202 |   205 |   313 ||   739
Block: Other             |       |       |    64 |    24 |       ||    88
       Reflection        |       |       |     4 |    11 |     6 ||    21
       Kite shield       |       |       |       |   230 |   477 ||   707

Table legend: (Time is in decaauts)
 A = Elapsed time spent in this place.
 B = Non-inter-level travel time spent in this place.
 C = Inter-level travel time spent in this place.
 D = Time resting spent in this place.
 E = Time spent auto-exploring this place.
 F = Levels seen in this place.
 G = Mean time per level.
                   A        B        C        D        E       F      G
               +--------+--------+--------+--------+--------+-----+--------+
         Total |  23997 |  23261 |    736 |   1289 |  17200 |  19 | 1263.0 |
       Dungeon |  11229 |  10850 |    379 |    210 |   8666 |   9 | 1247.7 |
        Temple |    219 |    198 |     21 |      0 |    151 |   1 |  219.0 |
          Lair |   8666 |   8368 |    298 |    448 |   6235 |   6 | 1444.3 |
  Orcish Mines |   3416 |   3379 |     37 |    631 |   1810 |   2 | 1708.0 |
         Sewer |    465 |    465 |      0 |      0 |    337 |   1 |  465.0 |
               +--------+--------+--------+--------+--------+-----+--------+

Top non-repeatable levels by time:
  Lair:6: 2328 daAuts
   Orc:2: 1991 daAuts
     D:4: 1749 daAuts
     D:8: 1651 daAuts
  Lair:3: 1533 daAuts
     D:3: 1464 daAuts
     D:9: 1439 daAuts
   Orc:1: 1425 daAuts
  Lair:5: 1294 daAuts
     D:1: 1246 daAuts
  Lair:4: 1193 daAuts
  Lair:2: 1186 daAuts
  Lair:1: 1129 daAuts
     D:7: 1094 daAuts
     D:2: 1017 daAuts
